 Dungeon Crawl Stone Soup version 0.22-a0-441-gcf5b0c6 (webtiles) character file.

3268 Firecrotchwizard the Archer (level 9, 0/85 HPs)
             Began as a Centaur Hunter on May 31, 2018.
             Was a Believer of Okawaru.
             Slain by a bullfrog (2 damage)
             ... on level 8 of the Dungeon.
             The game lasted 00:16:39 (9534 turns).

Firecrotchwizard the Archer (Centaur Hunter)        Turns: 9534, Time: 00:16:40

Health: 0/85       AC:  7    Str: 17 (19) XL:     9   Next: 68%
Magic:  11/12      EV:  9    Int: 10      God:    Okawaru [**....]
Gold:   251        SH:  0    Dex: 12      Spells: 8/8 levels left

rFire    + . .     SeeInvis +   b - +3 war axe
rCold    . . .     Gourm    .   (no shield)
rNeg     + + .     Faith    +   e - +2 leather armour {rF+}
rPois    +         Spirit   .   (no helmet)
rElec    .         Reflect  .   (no cloak)
rCorr    .         Harm     .   c - +0 pair of gloves
MR       +....                  (no barding)
Stlth    +.........             w - amulet of Xom's Flight of Fancy {Faith rN++ MR+ Dex+3 SInv}
HPRegen  0.24/turn              n - ring of poison resistance {rPois, !d}
MPRegen  0.13/turn              q - ring of see invisible {sInv, !d}

@: very quick
A: large, hooves 3, deformed body, speed 2, tough skin 3
a: Heroism, Renounce Religion


You were on level 8 of the Dungeon.
You worshipped Okawaru.
Okawaru was pleased with you.
You were not hungry.

You visited 2 branches of the dungeon, and saw 9 of its levels.

You collected 446 gold pieces.
You spent 195 gold pieces at shops.

Inventory:

Hand Weapons
 a - a +2 shortbow
 b - a +3 war axe (weapon)
   (You found it on level 2 of the Dungeon)
Missiles
 d - 112 arrows
Armour
 c - a +0 pair of gloves (worn)
   (You found it on level 7 of the Dungeon)
 e - a +2 leather armour of fire resistance (worn)
   (You found it on level 1 of the Dungeon)
Jewellery
 k - a +2 ring of dexterity {unknown}
   (You took it off an orc warrior on level 7 of the Dungeon)
 n - a ring of poison resistance (left hand) {rPois, !d}
   (You found it on level 2 of the Dungeon)
 q - a ring of see invisible (right hand) {sInv, !d}
   (You found it on level 2 of the Dungeon)
 w - the amulet of Xom's Flight of Fancy (around neck) {Faith rN++ MR+ Dex+3 SInv}
   (You found it on level 5 of the Dungeon)

   [amulet of faith]

   It allows you to gain divine favour quickly.
   It affects your dexterity (+3).
   It greatly protects you from negative energy.
   It affects your resistance to hostile enchantments.
   It lets you see invisible.
 x - an uncursed amulet of regeneration {@e1+regen, !d}
   (You found it on level 4 of the Dungeon)
Wands
 l - a wand of disintegration (14) {@e1}
   (You found it on level 6 of the Dungeon)
 H - a wand of acid (15)
   (You found it on level 6 of the Dungeon)
 I - a wand of enslavement (16)
   (You found it on level 7 of the Dungeon)
Scrolls
 h - 4 scrolls of remove curse
 i - 4 scrolls of identify
 o - a scroll of fear
 t - a scroll of magic mapping {!r}
 y - a scroll of enchant armour
 F - a scroll of amnesia {unknown}
 G - a scroll of enchant weapon
 J - a scroll of noise {unknown}
Potions
 j - 2 potions of haste
 m - a potion of lignification {unknown}
 p - 3 potions of might
 u - 2 potions of invisibility {unknown}
 v - 3 potions of degeneration {@e1!q}
 z - a potion of resistance {unknown}
 A - 2 potions of curing {unknown}
 B - 4 potions of heal wounds
 C - 2 potions of flight
 D - a potion of magic {unknown}
 E - a potion of mutation {unknown}
Comestibles
 f - 7 rations {@e1}
 g - 3 chunks of flesh {@w0}


   Skills:
 - Level 9.9 Fighting
 - Level 12.1 Bows
 - Level 1.3 Dodging
 - Level 0.4 Stealth
 + Level 4.5 Invocations


You had 8 spell levels left.
You didn't know any spells.
Your spell library contained the following spells:

 Spells                   Type           Power        Failure   Level  Hunger
 Spider Form              Tmut/Pois      #.........   80%         3    ####...
 Blade Hands              Tmut           #.........   100%        5    ######.
 Ice Form                 Ice/Tmut       #.......     99%         4    #####..
 Sticks to Snakes         Tmut           #.......     56%         2    ###....
 Beastly Appendage        Tmut           #.....       43%         1    ##.....


Dungeon Overview and Level Annotations

Branches:
Dungeon (8/15)             Temple (1/1) D:5
   Lair: D:8-11

Altars:
Elyvilon
Fedhas
Kikubaaqudgha
Nemelex Xobeh
Okawaru
Qazlal
Ru
Uskayaw
Vehumet
Xom
Zin
The Shining One

Shops:
D:7 =!

Annotations:
D:8 vegansnacktivist's ghost, novice DDFi


Innate Abilities, Weirdness & Mutations

You have hooves in place of feet.
Armour fits poorly on your strangely shaped body.
You cover ground very quickly.
You have extremely tough skin. (AC +3)


Message History

You barely miss the black bear. Your kick misses the black bear.
The black bear misses you. The black bear claws you. x2
The black bear completely misses you. The black bear claws you.
The black bear claws you but does no damage.
You take 8 damage, and have 54/85 hp.
You are too injured to fight recklessly!
You are too injured to fight recklessly!
You are too injured to fight recklessly!
You are feeling hungry.
You slash the black bear!
You kill the black bear!
Okawaru accepts your kill.
You feel your intelligence returning.
You see here a black bear corpse.
You see here a black bear corpse.
You butcher the black bear corpse.
g - 7 chunks of flesh {@w0} (gained 2)
You start resting.
Eating one of 7 chunks of flesh {@w0}.
You eat one of the 7 chunks of flesh {@w0}.
A bullfrog comes into view.
MP restored: 11 The bullfrog gives a loud, deep croak!
You hit the bullfrog. You kick the bullfrog!
The bullfrog hits you but does no damage.
The bullfrog closely misses you. The bullfrog hits you.
You slash the bullfrog!
You kill the bullfrog!
Okawaru accepts your kill.
Your Invocations skill increases to level 3!
No target in view!
You start resting.
Some of the chunks of flesh in your inventory have rotted away.
Health restored: 85 You butcher the bullfrog corpse.
g - 3 chunks of flesh {@w0} (gained 1)
You see here a bullfrog skeleton. x2
You now have 245 gold pieces (gained 9).
You now have 251 gold pieces (gained 6).
A wolf comes into view.
The wolf howls!
You hear an angry growl.
You completely miss the wolf. The wolf bites you but does no damage.
Grum the Hunter comes into view.
He is wielding a halberd.
The wolf bites you! The wolf bites you.
You take 13 damage, and have 72/85 hp.
You miss the wolf. The wolf barely misses you. The wolf bites you.
A bullfrog comes into view.
You take 6 damage, and have 66/85 hp.
You gain the combat prowess of a mighty hero.
The bullfrog croaks.
You hear a howl!
The wolf closely misses you. The wolf barely misses you.
You now have 9/11 mp.
You slash the wolf! You kick the wolf. The wolf bites you.
Grum hits you from afar with a halberd! The wolf bites you but does no damage.
A wolf comes into view.
You take 16 damage, and have 50/85 hp.
You hit the wolf. Your kick misses the wolf. The wolf bites you.
Grum points his finger and grunts, "Attack!"
Grum misses you. The wolf bites you.
You take 7 damage, and have 43/85 hp.
You hit the wolf.
You kill the wolf!
Okawaru accepts your kill. Grum closely misses you.
Grum hits you from afar with a halberd!
You take 17 damage, and have 26/85 hp.
You slash Grum! You kick Grum! Grum closely misses you.
You hit Grum. You kick Grum. Grum closely misses you.
You slash Grum! Grum misses you.
You barely miss Grum. You kick Grum. Grum hits you with a halberd!
* * * LOW HITPOINT WARNING * * *
You take 12 damage, and have 15/85 hp.
You hit Grum. Grum closely misses you.
You hit Grum. Your kick misses Grum. Grum hits you with a halberd.
* * * LOW HITPOINT WARNING * * *
Grum closely misses you.
You take 4 damage, and have 11/85 hp.
You hit Grum.
You kill Grum!
Okawaru accepts your kill.
You feel your dexterity returning.
Your Invocations skill increases to level 4!
The bullfrog swells and bulges.
The bullfrog hits you.
* * * LOW HITPOINT WARNING * * *
You take 1 damage, and have 10/85 hp.
You barely miss the bullfrog.
The bullfrog hits you but does no damage.
The bullfrog barely misses you.
You completely miss the bullfrog. You kick the bullfrog.
You feel like a meek peon again. The bullfrog hits you.
* * * LOW HITPOINT WARNING * * *
The bullfrog hits you.
* * * LOW HITPOINT WARNING * * *
You take 2 damage, and have 8/85 hp.
You closely miss the bullfrog. The bullfrog hits you!
* * * LOW HITPOINT WARNING * * *
The bullfrog hits you but does no damage.
You take 6 damage, and have 2/85 hp.
You slash the bullfrog! The bullfrog misses you. The bullfrog hits you.
You die...

..# #.# #.# #####.#
.....#
#..##########
#...........#
########.########.#
#..hF@...# #.#
#.######.# #.# #.#
######.####
#..............
#.########..... #.#
###### ..# ##


You could see a wolf and a bullfrog.

Vanquished Creatures
  Prince Ribbit (D:7)
  Grinder (D:4)
  A hippogriff (D:7)
  Grum (D:8)
  A hungry ghost (D:7)
  The ghost of mantisjm the Stinger, an amateur GrVM (D:4)
  2 orc warriors (D:7)
  An ice beast (D:7)
  A sky beast (D:5)
  A black bear (D:8)
  A wolf (D:8)
  2 centaurs (D:5)
  A big kobold (D:7)
  4 bullfrogs
  4 scorpions
  A wyvern skeleton (D:7)
  5 killer bees (D:7)
  7 crimson imps
  A jelly (D:6)
  An orc priest (D:7)
  A hound (D:5)
  7 orc wizards
  A worker ant (D:8)
  10 adders
  3 oozes
  4 worms
  5 dart slugs
  3 leopard geckos
  32 orcs
  2 ball pythons
  5 giant cockroaches
  9 goblins
  10 hobgoblins
  20 jackals
  7 quokkas
  8 bats
  6 frilled lizards
  6 kobolds
  A quokka zombie (D:4)
  4 rats
182 creatures vanquished.

Notes
Turn   | Place    | Note
-------+----------+-------------------------------------------
     0 | D:1      | Firecrotchwizard the Centaur Hunter began the quest for the Orb.
     0 | D:1      | Reached XP level 1. HP: 17/17 MP: 1/1
   136 | D:1      | Reached XP level 2. HP: 23/25 MP: 2/2
   495 | D:1      | Reached skill level 6 in Bows
   726 | D:1      | Reached XP level 3. HP: 28/30 MP: 3/3
  1140 | D:2      | Reached skill level 3 in Fighting
  1434 | D:2      | Found a white marble altar of Elyvilon.
  1694 | D:2      | Reached XP level 4. HP: 36/38 MP: 4/4
  2178 | D:2      | Found a sparkling altar of Nemelex Xobeh.
  2204 | D:2      | Found an ancient bone altar of Kikubaaqudgha.
  2367 | D:2      | Reached skill level 7 in Bows
  2369 | D:2      | Reached XP level 5. HP: 22/46 MP: 5/5
  2634 | D:3      | Reached skill level 4 in Fighting
  2877 | D:3      | Found a sacrificial altar of Ru.
  3177 | D:3      | Found a glowing silver altar of Zin.
  3211 | D:3      | You fall through a shaft!
  3215 | D:4      | Noticed mantisjm's ghost (amateur GrVM)
  3232 | D:4      | Killed mantisjm's ghost
  3232 | D:4      | Reached XP level 6. HP: 22/53 MP: 6/6
  3400 | D:4      | Reached skill level 5 in Fighting
  3400 | D:4      | Reached skill level 8 in Bows
  3855 | D:4      | Found a shimmering altar of Xom.
  3896 | D:4      | Reached XP level 7. HP: 60/61 MP: 7/7
  3912 | D:4      | Noticed Grinder
  3928 | D:4      | Killed Grinder
  3928 | D:4      | Reached skill level 6 in Fighting
  3928 | D:4      | Reached skill level 9 in Bows
  4480 | D:5      | Entered Level 5 of the Dungeon
  4506 | D:5      | Reached skill level 10 in Bows
  4596 | D:5      | Got a vibrating ivory amulet
  4598 | D:5      | Identified the amulet of Xom's Flight of Fancy {Faith rN++ MR+ Dex+3 SInv} (You found it on level 5 of the Dungeon)
  4679 | D:5      | Reached XP level 8. HP: 67/71 MP: 8/8
  4683 | D:5      | Found Rafofuda's Gadget Boutique.
  4692 | D:5      | Reached skill level 7 in Fighting
  4698 | D:5      | HP: 13/73 [centaur (6)]
  4699 | D:5      | HP: 2/73 [centaur (7)]
  5238 | D:5      | Found a staircase to the Ecumenical Temple.
  5882 | Temple   | Entered the Ecumenical Temple
  5900 | Temple   | Became a worshipper of Warmaster Okawaru
  6347 | D:6      | Found a blossoming altar of Fedhas.
  6643 | D:7      | Reached skill level 11 in Bows
  6652 | D:7      | Noticed a hippogriff
  6659 | D:7      | Killed a hippogriff
  6659 | D:7      | Reached skill level 8 in Fighting
  6661 | D:7      | HP: 14/74 [scorpion (6)]
  6662 | D:7      | Reached * piety under Okawaru
  7069 | D:7      | HP: 6/75 [orc warrior/trident (21)]
  7426 | D:7      | Noticed Prince Ribbit
  7438 | D:7      | HP: 6/75 [Prince Ribbit (16)]
  7443 | D:7      | Killed Prince Ribbit
  7443 | D:7      | Reached skill level 9 in Fighting
  7443 | D:7      | Reached XP level 9. HP: 8/83 MP: 9/9
  7876 | D:7      | Found Woruc's Jewellery Boutique.
  7886 | D:7      | Found Jeumoric's Distillery.
  7892 | D:7      | Bought a potion of haste for 130 gold pieces
  7892 | D:7      | Bought a potion of heal wounds for 65 gold pieces
  8056 | D:7      | Found a radiant altar of Vehumet.
  8069 | D:7      | Reached ** piety under Okawaru
  8069 | D:7      | Reached skill level 12 in Bows
  8343 | D:7      | HP: 19/85 [killer bee (7)]
  8344 | D:7      | HP: 7/85 [killer bee (8)]
  8989 | D:8      | Reached skill level 1 in Invocations
  9129 | D:8      | Reached skill level 2 in Invocations
  9167 | D:8      | Noticed vegansnacktivist's ghost (novice DDFi)
  9340 | D:8      | Reached skill level 3 in Invocations
  9517 | D:8      | Noticed Grum
  9527 | D:8      | HP: 15/85 [Grum/halberd (13)]
  9530 | D:8      | Killed Grum
  9530 | D:8      | Reached skill level 4 in Invocations
  9532 | D:8      | HP: 9/85 [bullfrog (1)]
  9533 | D:8      | HP: 2/85 [bullfrog (7)]
  9534 | D:8      | Slain by a bullfrog

Vault maps used:
D:1:      minmay_arrival_shoal_huts, kennysheep_another_room,
          minmay_pentomino_q2
D:2:      kiku_gazebo_pond_becter, lemuel_doored_altar,
          nemelex_dance_club_becter
D:3:      lemuel_coloured_pillars_altar, first_ration,
          nicolae_ru_sacrificial_ziggurat
D:4:      led_xom_imps, uniq_grinder
D:5:      cheibrodos_quashed, minmay_temple_entry_from_below_a, serial_shops,
          shop
D:6:      fedhas_altar_4, grunt_ministairs_9
D:7:      kennysheep_mini, serial_shops, shop, shop, uniq_prince_ribbit1
D:8:      uniq_grum
Temple:   regret_index_temple_sphere_string

Skill      XL: |  1  2  3  4  5  6  7  8  9 |
---------------+----------------------------+-----
Bows           | 6 7 8 10 11 12 | 12.1
Fighting       | 3 4 5 6 9 |  9.9
Invocations    | 4 |  4.5
Dodging        | |  1.3
Stealth        | |  0.4

Action                   |  1- 3 |  4- 6 |  7- 9 || total
-------------------------+-------+-------+-------++-------
Melee: Short sword       |   113 |       |       ||   113
       Kick              |    22 |    22 |    58 ||   102
       War axe           |     2 |   163 |   236 ||   401
 Fire: Shortbow          |     5 |       |    77 ||    82
Invok: Heroism           |       |       |     2 ||     2
  Use: Scroll            |       |     3 |     9 ||    12
       Potion            |       |       |     4 ||     4
  Eat: Chunk             |     2 |     6 |     8 ||    16
       Ration            |       |       |     5 ||     5
Armor: Leather armour    |    40 |    64 |   122 ||   226
Dodge: Dodged            |    67 |   111 |   146 ||   324

Table legend:
 A = Spawn XP
 B = Non-spawn XP
 C = Spawn XP percentage of total XP
 D = Spawn monster count
 E = Non-spawn monster count
 F = Spawn count percentage of total count
 G = Total turns spent on level
                    A         B        C        D         E        F      G
               +---------+---------+-------+---------+---------+-------+---------
         Total |       0 |    4669 |   0.0 |       0 |     182 |   0.0 |  9534
               +---------+---------+-------+---------+---------+-------+---------
           D:1 |       0 |      51 |   0.0 |       0 |      23 |   0.0 |  1236
           D:2 |       0 |     146 |   0.0 |       0 |      36 |   0.0 |  1321
           D:3 |       0 |      83 |   0.0 |       0 |      27 |   0.0 |   859
           D:4 |       0 |     968 |   0.0 |       0 |      29 |   0.0 |  1360
           D:5 |       0 |     430 |   0.0 |       0 |       9 |   0.0 |   691
           D:6 |       0 |     287 |   0.0 |       0 |       6 |   0.0 |  1066
           D:7 |       0 |    2012 |   0.0 |       0 |      39 |   0.0 |  2449
           D:8 |       0 |     692 |   0.0 |       0 |      13 |   0.0 |   520
               +---------+---------+-------+---------+---------+-------+---------

Vault maps used:
D:1:      minmay_arrival_shoal_huts, kennysheep_another_room,
          minmay_pentomino_q2
D:2:      kiku_gazebo_pond_becter, lemuel_doored_altar,
          nemelex_dance_club_becter
D:3:      lemuel_coloured_pillars_altar, first_ration,
          nicolae_ru_sacrificial_ziggurat
D:4:      led_xom_imps, uniq_grinder
D:5:      cheibrodos_quashed, minmay_temple_entry_from_below_a, serial_shops,
          shop
D:6:      fedhas_altar_4, grunt_ministairs_9
D:7:      kennysheep_mini, serial_shops, shop, shop, uniq_prince_ribbit1
D:8:      uniq_grum
Temple:   regret_index_temple_sphere_string

Table legend:
 A = Turns spent in this place as a percentage of turns spent in the entire game.
 B = Non-inter-level travel turns spent in this place as a percentage of non-inter-level travel turns spent in the entire game.
 C = Inter-level travel turns spent in this place as a percentage of turns spent in this place.
 D = Turns resting spent in this place as a percentage of non-inter-level travel turns spent in this place.
 E = Turns spent auto-exploring this place as a percentage of non-inter-level travel turns spent in this place.
 F = Non-inter-level travel turns spent in this place divided by the number of levels of this place that you've seen.
                   A       B       C       D       E      F
               +-------+-------+-------+-------+-------+----------------------
         Total | 100.0 | 100.0 |   4.6 |  41.8 |  42.0 | 1010.4
       Dungeon |  99.7 |  99.8 |   4.5 |  41.9 |  42.0 | 1134.5
        Temple |   0.3 |   0.2 |  43.8 |   0.0 |  72.2 |  18.0
               +-------+-------+-------+-------+-------+----------------------

Table legend:
 A = Kills in this place as a percentage of kills in entire the game.
 B = Kills by you in this place as a percentage of kills by you in the entire game.
 C = Kills by friends in this place as a percentage of kills by friends in the entire game.
 D = Other kills in this place as a percentage of other kills in the entire game.
 E = Experience gained in this place as a percentage of experience gained in the entire game.
 F = Experience gained in this place divided by the number of levels of this place that you have seen.
                   A       B       C       D       E      F
               +-------+-------+-------+-------+-------+----------------------
         Total | 100.0 | 100.0 |   N/A |   N/A | 100.0 | 518.8
       Dungeon | 100.0 | 100.0 |   N/A |   N/A | 100.0 | 583.6
               +-------+-------+-------+-------+-------+----------------------
